[Event "Team 45 45 League T94"]
[Site "Internet Chess Club"]
[Date "2022.10.17"]
[Round "1"]
[White "ElValero"]
[Black "Lawkeito"]
[Result "0-1"]
[WhiteElo "1718"]
[BlackElo "1605"]
[Opening "English: symmetrical, Botvinnik system reversed"]
[ECO "A37"]
[Time "14:00:10"]
[PlyCount "92"]
[TimeControl "2700+45"]

1. Nf3 c5 2. c4 Nc6 3. Nc3 g6 4. g3 Bg7 5. Bg2 e5 6. O-O Nge7 7. e3 O-O 8. Nd5
d6 9. d3 Rb8 10. Rb1 b5 11. cxb5 Rxb5 12. Qa4 Ra5 13. Nxe7+ Nxe7 14. Qc2 Rxa2
15. Qc4 Be6 16. Qc2 Qb6 17. Nd2 Rb8 18. Nc4 Qa6 19. Rd1 Nd5 20. Bf1 Nb4 21. Qb3
Nc6 22. Qc2 d5 23. Nd2 Qb6 24. Be2 Nb4 25. Qb3 Bd7 26. e4 Ba4 27. Qc3 Bc2 28.
exd5 e4 29. Qc4 exd3 30. Bf3 Qf6 31. Kg2 Bxd1 32. Bxd1 Qd4 33. Bb3 Qxc4 34. Nxc4
Ra6 35. Bf4 Rb7 36. Re1 h5 37. d6 Kf8 38. Be3 Bd4 39. Bh6+ Bg7 40. Be3 Rd7 41.
Bxc5 d2 42. Nxd2 Nd3 43. Bc4 Nxc5 44. b4 Ne6 45. Bxa6 Rxd6 46. Rxe6 fxe6 {White
resigns} 0-1

[Event "Team 45 45 League T94"]
[Site "Internet Chess Club"]
[Date "2022.10.15"]
[Round "1"]
[White "manfredo"]
[Black "julesraider"]
[Result "0-1"]
[WhiteElo "1537"]
[BlackElo "1618"]
[Opening "Caro-Kann: advance variation"]
[ECO "B12"]
[Time "13:01:34"]
[PlyCount "62"]
[TimeControl "2700+45"]

1. e4 c6 2. d4 d5 3. e5 c5 4. dxc5 e6 5. Nf3 Nc6 6. Bd3 Bxc5 7. O-O Nge7 8. Bf4
O-O 9. Bxh7+ Kh8 10. Bd3 g6 11. Bh6 Rg8 12. Bg5 Rf8 13. Bf6+ Kg8 14. Ng5 Nxe5
15. Nxe6 Bxe6 16. Bxe5 f6 17. Bg3 Qb6 18. Nd2 Qc6 19. Nb3 Bb6 20. c3 Qc8 21. Qf3
Kg7 22. Rfe1 Nc6 23. Bf4 Qd7 24. Re2 Bg4 25. Qg3 Rfe8 26. Rxe8 Rxe8 27. h3 Bh5
28. Bd2 Ne5 29. Bc2 Nc4 30. Bf4 Re2 31. Bd3 Bxf2+ {White resigns} 0-1

[Event "Team 45 45 League T94"]
[Site "Internet Chess Club"]
[Date "2022.10.16"]
[Round "1"]
[White "mongmong"]
[Black "fvafier"]
[Result "1-0"]
[WhiteElo "1514"]
[BlackElo "1528"]
[Opening "Queen's pawn game, Krause variation"]
[ECO "D02"]
[Time "07:30:16"]
[PlyCount "85"]
[TimeControl "2700+45"]

1. d4 d5 2. Nf3 c5 3. c3 e6 4. e3 Nc6 5. Bd3 Nf6 6. Nbd2 cxd4 7. exd4 Be7 8. O-O
O-O 9. Re1 a6 10. Nf1 b5 11. a3 Qc7 12. Bg5 Re8 13. Ng3 h6 14. Bxf6 Bxf6 15. Nh5
Be7 16. Qd2 Rb8 17. Re2 Bf8 18. Rae1 a5 19. Nf4 Bd7 20. g3 b4 21. cxb4 axb4 22.
a4 b3 23. Bb5 Bb4 24. Qe3 Bxe1 25. Rxe1 Na5 26. Bxd7 Qxd7 27. Ne5 Qxa4 28. Qf3
Qxd4 29. Nh5 Rb7 30. Ng4 Rf8 31. Nxh6+ gxh6 32. Nf6+ Kh8 33. Ng4 Qg7 34. Nf6 Nc4
35. Nh5 Qg6 36. Nf4 Qf6 37. Qe2 Qxb2 38. Qh5 Qg7 39. Nxe6 fxe6 40. Rxe6 b2 41.
Rxh6+ Qxh6 42. Qxh6+ Rh7 43. Qxf8# {Black checkmated} 1-0

[Event "Team 45 45 League T94"]
[Site "Internet Chess Club"]
[Date "2022.10.14"]
[Round "1"]
[White "Denis240964"]
[Black "Toalla"]
[Result "1-0"]
[WhiteElo "1350"]
[BlackElo "1104"]
[Opening "Sicilian defense"]
[ECO "B20"]
[Time "10:34:40"]
[PlyCount "33"]
[TimeControl "2700+45"]

1. e4 c5 2. d3 g6 3. Nc3 Bg7 4. f4 e6 5. Nf3 Nc6 6. Be3 Qa5 7. Qd2 Nge7 8. Be2
Bxc3 9. bxc3 d6 10. O-O O-O 11. Nh4 b5 12. f5 exf5 13. exf5 Bxf5 14. Nxf5 Nxf5
15. Rxf5 gxf5 16. Bh6 Rfe8 17. Qg5+ {Black resigns} 1-0

[Event "Team 45 45 League T94"]
[Site "Internet Chess Club"]
[Date "2022.10.17"]
[Round "1"]
[White "ARMAND02019"]
[Black "evan7284"]
[Result "1-0"]
[WhiteElo "1617"]
[BlackElo "1563"]
[Opening "Four knights game"]
[ECO "C47"]
[Time "14:47:07"]
[PlyCount "39"]
[TimeControl "2700+45"]

1. e4 e5 2. Nf3 Nf6 3. Nc3 Nc6 4. d3 Bb4 5. Bd2 d6 6. Nd5 Bxd2+ 7. Qxd2 Nxd5 8.
exd5 Ne7 9. c4 O-O 10. O-O-O c6 11. dxc6 Nxc6 12. h3 Bd7 13. g4 Qc7 14. Kb1 Rab8
15. d4 Rfd8 16. d5 Ne7 17. Bd3 Qc5 18. Ng5 g6 19. Ne4 Kg7 20. Nxc5 {Black
resigns} 1-0

[Event "Team 45 45 League T94"]
[Site "Internet Chess Club"]
[Date "2022.10.15"]
[Round "1"]
[White "WillC"]
[Black "jfkingiii"]
[Result "1-0"]
[WhiteElo "1556"]
[BlackElo "1480"]
[Opening "Queen's pawn game, Darooha variation "]
[ECO "D02"]
[Time "16:01:41"]
[PlyCount "105"]
[TimeControl "2700+45"]

1. d4 d5 2. Nf3 Nf6 3. b3 c5 4. e3 cxd4 5. exd4 Nc6 6. Be2 e6 7. O-O Be7 8. Bb2
O-O 9. Nbd2 Bd7 10. c4 Rc8 11. a3 a6 12. Rc1 dxc4 13. bxc4 Qb6 14. Rb1 Rfd8 15.
d5 Qc7 16. dxc6 Bxc6 17. Qc2 Bxf3 18. Bxf3 b5 19. Rfc1 Ne8 20. c5 Bxc5 21. Ne4
Bb6 22. Qe2 Qf4 23. g3 Qb8 24. Ng5 Rxc1+ 25. Rxc1 Ba5 26. Rd1 Nf6 27. Bxf6 gxf6
28. Ne4 Kg7 29. Rxd8 Qxd8 30. Qb2 e5 31. h4 Qd3 32. Kg2 Qd8 33. Qc2 Qd7 34. Nc5
Qd6 35. Be4 h6 36. Bf5 Bb6 37. Ne4 Qxa3 38. Qe2 b4 39. Qg4+ Kf8 40. Nxf6 b3 41.
Nd7+ Ke7 42. Nxb6 Qc5 43. Na4 Qc6+ 44. Qe4 Qb5 45. Nb2 a5 46. Qd3 Qc6+ 47. Be4
Qb6 48. Qd2 Qb5 49. Qxh6 a4 50. Qg5+ Kf8 51. Qh6+ Ke7 52. Bc6 Qb4 53. Nxa4
{Black resigns} 1-0

[Event "Team 45 45 League T94"]
[Site "Internet Chess Club"]
[Date "2022.10.15"]
[Round "1"]
[White "howah45"]
[Black "BIRDSMAN"]
[Result "1-0"]
[WhiteElo "1403"]
[BlackElo "1338"]
[Opening "Sicilian: Smith-Morra gambit"]
[ECO "B21"]
[Time "13:00:51"]
[PlyCount "45"]
[TimeControl "2700+45"]

1. e4 c5 2. d4 cxd4 3. c3 Nf6 4. e5 Nd5 5. Nf3 d6 6. Bc4 Nb6 7. Bb3 e6 8. cxd4
Nc6 9. Qe2 Be7 10. Nc3 a6 11. h4 dxe5 12. dxe5 Na5 13. Bc2 f5 14. exf6 Bxf6 15.
Ng5 Bxg5 16. Qh5+ g6 17. Bxg6+ Kd7 18. Bxg5 hxg6 19. Rd1+ Nd5 20. Qg4 Qb6 21.
Nxd5 Qxb2 22. Nc3+ Kc7 23. Qg3+ {Black resigns} 1-0

[Event "Team 45 45 League T94"]
[Site "Internet Chess Club"]
[Date "2022.10.15"]
[Round "1"]
[White "primerpaso"]
[Black "fileman"]
[Result "1/2-1/2"]
[WhiteElo "1808"]
[BlackElo "1779"]
[Opening "English opening"]
[ECO "A10"]
[Time "11:08:22"]
[PlyCount "48"]
[TimeControl "2700+45"]

1. c4 d5 2. cxd5 Qxd5 3. Nc3 Qd8 4. g3 Nc6 5. Bg2 e5 6. Nf3 Nf6 7. O-O Be7 8. d3
O-O 9. Bd2 Re8 10. Rc1 a6 11. Na4 e4 12. dxe4 Nxe4 13. Be3 Be6 14. Qc2 Bf5 15.
Qd1 Qxd1 16. Rfxd1 Rad8 17. Nd4 Nxd4 18. Bxd4 c6 19. g4 Bg6 20. f3 Nf6 21. e4
Bd6 22. Bb6 Bf4 23. Rxd8 Rxd8 24. Bxd8 Bxc1 {Game drawn by mutual agreement}
1/2-1/2

[Event "Team 45 45 League T94"]
[Site "Internet Chess Club"]
[Date "2022.10.15"]
[Round "1"]
[White "Redman1"]
[Black "LookImYourVader"]
[Result "0-1"]
[WhiteElo "1610"]
[BlackElo "1819"]
[Opening "English: Mikenas-Carls, Sicilian variation"]
[ECO "A19"]
[Time "15:00:42"]
[PlyCount "74"]
[TimeControl "2700+45"]

1. c4 Nf6 2. Nc3 e6 3. e4 c5 4. e5 Ng8 5. Nf3 Nc6 6. d3 Nge7 7. Bf4 Ng6 8. Bg3
d6 9. exd6 Bxd6 10. Bxd6 Qxd6 11. Be2 O-O 12. O-O e5 13. Ne1 Nf4 14. Bf3 Bf5 15.
Nd5 Nxd5 16. Bxd5 Be6 17. Bxe6 Qxe6 18. Nc2 Rad8 19. Ne3 Nb4 20. Qf3 b6 21. b3
Rxd3 22. Rfd1 e4 23. Qe2 Rfd8 24. a3 Nc6 25. Qb2 Rxd1+ 26. Rxd1 Rxd1+ 27. Nxd1
Qd6 28. Ne3 Qd3 29. h3 Nd4 30. b4 Qb3 31. Qxb3 Nxb3 32. Kf1 cxb4 33. axb4 a5 34.
bxa5 bxa5 35. Ke2 a4 36. Kd1 a3 37. c5 Kf8 {White resigns} 0-1

[Event "Team 45 45 League T94"]
[Site "Internet Chess Club"]
[Date "2022.10.16"]
[Round "1"]
[White "Portola"]
[Black "Egmont"]
[Result "0-1"]
[WhiteElo "1642"]
[BlackElo "1672"]
[Opening "Queen's pawn game, Darooha variation "]
[ECO "D02"]
[Time "09:00:19"]
[PlyCount "169"]
[TimeControl "2700+45"]

1. d4 d5 2. Nf3 Nf6 3. c3 c6 4. Bg5 Qb6 5. Qb3 Bf5 6. Nbd2 Ne4 7. Nxe4 Bxe4 8.
Nd2 Bg6 9. e3 f6 10. Bf4 Nd7 11. Be2 e5 12. dxe5 Nxe5 13. Bxe5 fxe5 14. O-O Qxb3
15. axb3 b5 16. Ra6 Kd7 17. b4 Kc7 18. Rfa1 Kb7 19. Bg4 Be8 20. Nf3 h5 21. Be6
Rh6 22. Bh3 Bd6 23. g3 Rf6 24. Bg2 Bc7 25. Ng5 Bb6 26. Nf3 Bc7 27. R6a2 Bd7 28.
Nd2 Bb6 29. Nf3 Bc7 30. h3 Bxh3 31. Bxh3 Rxf3 32. Bd7 Bb6 33. Rd1 Raf8 34. Rd2
g5 35. Bh3 h4 36. Kg2 e4 37. Bg4 R3f6 38. b3 hxg3 39. Kxg3 Bc7+ 40. Kg2 Rh6 41.
Bd7 Rfh8 42. Kf1 Rh4 43. Ke2 Rh2 44. Kd1 Rh1+ 45. Kc2 Rf8 46. Kb2 Rg1 47. Ka3 g4
48. Rac2 Ra1+ 49. Ra2 Rxa2+ 50. Kxa2 Rg8 51. Be6 g3 52. fxg3 Rxg3 53. c4 bxc4
54. bxc4 dxc4 55. Bxc4 Rxe3 56. b5 cxb5 57. Bxb5 Rc3 58. Bd7 Bb6 59. Bg4 e3 60.
Rd7+ Ka6 61. Kb2 Rc7 62. Be2+ Ka5 63. Rd1 Kb4 64. Rd5 Rf7 65. Rb5+ Ka4 66. Kc3
Rf2 67. Rb4+ Ka3 68. Rb3+ Ka4 69. Rb4+ Ka5 70. Bc4 Rc2+ 71. Kxc2 Kxb4 72. Ba6
Ka5 73. Bd3 Bc5 74. Kb3 Kb6 75. Ka4 Kc7 76. Kb5 Bb6 77. Ka6 Kd6 78. Be2 Ke5 79.
Kb5 Kf4 80. Kc4 Kg3 81. Kd3 Kf2 82. Bh5 a5 83. Bg4 a4 84. Kc4 a3 85. Kb3 {White
resigns} 0-1

[Event "Team 45 45 League T94"]
[Site "Internet Chess Club"]
[Date "2022.10.16"]
[Round "1"]
[White "LoseOften"]
[Black "mongmong"]
[Result "1-0"]
[WhiteElo "1706"]
[BlackElo "1506"]
[Opening "French: Winawer, Alekhine (Maróczy) gambit"]
[ECO "C15"]
[Time "10:51:08"]
[PlyCount "65"]
[TimeControl "2700+45"]

1. e4 e6 2. d4 d5 3. Nc3 Bb4 4. Ne2 Nf6 5. Bg5 dxe4 6. a3 Be7 7. Bxf6 gxf6 8.
Nxe4 b6 9. N2c3 Bb7 10. f3 Nd7 11. Bc4 c6 12. Qd2 Qc7 13. O-O-O O-O-O 14. Rhe1
h5 15. h4 Rdg8 16. Rg1 f5 17. Ng5 Bxg5 18. hxg5 h4 19. f4 h3 20. g3 h2 21. Rh1
Rh3 22. Qe3 c5 23. d5 exd5 24. Nxd5 Bxd5 25. Bxd5 Rg7 26. Bxf7 Nf6 27. Be6+ Kb8
28. Bxf5 Re7 29. Qd3 Rxg3 30. Qxg3 Nh5 31. Qxh2 Nxf4 32. Qh8+ Kb7 33. Rhe1
{Black resigns} 1-0

[Event "Team 45 45 League T94"]
[Site "Internet Chess Club"]
[Date "2022.10.16"]
[Round "1"]
[White "Packerfan"]
[Black "Davidorcinus"]
[Result "0-1"]
[WhiteElo "1702"]
[BlackElo "1792"]
[Opening "English: Anglo-Dutch defense"]
[ECO "A10"]
[Time "16:31:15"]
[PlyCount "60"]
[TimeControl "2700+45"]

1. c4 f5 2. Nc3 Nf6 3. g3 e5 4. Bg2 Bb4 5. d3 Bxc3+ 6. bxc3 c6 7. e3 O-O 8. Ne2
a5 9. O-O a4 10. Ba3 d6 11. Rb1 Qc7 12. d4 e4 13. c5 d5 14. Qc2 Qf7 15. Rb4 g5
16. Rxa4 Rxa4 17. Qxa4 Qh5 18. Qc2 Na6 19. c4 Nc7 20. Bc1 Ne6 21. cxd5 Nxd5 22.
a3 g4 23. Bh1 Ng5 24. h4 gxh3 25. Kh2 Nf3+ 26. Bxf3 Qxf3 27. Rg1 Qxf2+ 28. Kh1
Nf6 29. Qd2 Ng4 30. Nf4 Qf3+ {White resigns} 0-1

[Event "Team 45 45 League T94"]
[Site "Internet Chess Club"]
[Date "2022.10.15"]
[Round "1"]
[White "hipopotamos"]
[Black "ivanson"]
[Result "1-0"]
[WhiteElo "1762"]
[BlackElo "1574"]
[Opening "Two knights defense (Modern bishop's opening)"]
[ECO "C55"]
[Time "19:00:48"]
[PlyCount "91"]
[TimeControl "2700+45"]

1. e4 e5 2. Nf3 Nc6 3. Bc4 Nf6 4. d3 Be7 5. c3 O-O 6. O-O Na5 7. Bb5 d6 8. b4
Nc6 9. Nbd2 a6 10. Ba4 b5 11. Bc2 Re8 12. h3 h6 13. Re1 Bf8 14. Nf1 d5 15. Ng3
d4 16. Bb2 dxc3 17. Bxc3 Bxb4 18. Qd2 Bc5 19. Rac1 Ba3 20. Rcd1 Bc5 21. Bb3 Nd4
22. Nxd4 Bxd4 23. Rc1 Bb6 24. Kh1 Bb7 25. Qb2 Qd6 26. Nf5 Qd8 27. Bxe5 Kh7 28.
Bxf7 Rf8 29. Bb3 Nh5 30. d4 Qg5 31. Bxc7 Rxf5 32. Bxb6 Rf6 33. Bc7 Rc8 34. d5
Rg6 35. f3 Rxc7 36. Rxc7 Nf4 37. Rxb7 Nd3 38. Qe2 Nxe1 39. g4 Qc1 40. Bd1 Nxf3
41. Qxf3 Rf6 42. Qxf6 Qxd1+ 43. Kg2 Qe2+ 44. Kg3 Qe3+ 45. Kh4 Qe1+ 46. Kh5
{Black resigns} 1-0

[Event "Team 45 45 League T94"]
[Site "Internet Chess Club"]
[Date "2022.10.15"]
[Round "1"]
[White "RD1974"]
[Black "qs16"]
[Result "1-0"]
[WhiteElo "1606"]
[BlackElo "1689"]
[Opening "Sicilian defense"]
[ECO "B20"]
[Time "10:00:45"]
[PlyCount "61"]
[TimeControl "2700+45"]

1. e4 c5 2. d3 Nc6 3. f4 e5 4. Nf3 d6 5. h3 Nf6 6. Be2 Be7 7. O-O Nd4 8. c3
Nxe2+ 9. Qxe2 O-O 10. Be3 Qc7 11. Nbd2 Bd7 12. f5 Bc6 13. g4 h6 14. Kh2 d5 15.
Bf2 dxe4 16. dxe4 Rad8 17. Rad1 Nh7 18. Bg3 f6 19. h4 Qa5 20. a3 Bb5 21. c4 Bc6
22. Nb1 Rxd1 23. Rxd1 Rd8 24. Rxd8+ Qxd8 25. Nc3 a6 26. Bf2 Qd7 27. Nd5 Bf8 28.
Kg2 b5 29. b3 bxc4 30. Qxc4 Bb5 31. Ne7+ {Black resigns} 1-0

[Event "Team 45 45 League T94"]
[Site "Internet Chess Club"]
[Date "2022.10.13"]
[Round "1"]
[White "BlueStorm"]
[Black "vollmerj"]
[Result "1/2-1/2"]
[WhiteElo "1571"]
[BlackElo "1441"]
[Opening "Trompowsky attack (Ruth, Opocenský opening)"]
[ECO "A45"]
[Time "09:00:29"]
[PlyCount "40"]
[TimeControl "2700+45"]

1. d4 Nf6 2. Bg5 c5 3. d5 d6 4. Nd2 Nbd7 5. e4 g6 6. Ngf3 Bg7 7. c3 O-O 8. Bd3
a6 9. a4 Ng4 10. O-O Nge5 11. Nxe5 Nxe5 12. Nc4 Nxc4 13. Bxc4 Bd7 14. Qd2 Re8
15. Rfe1 b5 16. axb5 axb5 17. Bd3 c4 18. Bc2 Rxa1 19. Rxa1 Qb6 20. Be3 Qb8 {Game
drawn by mutual agreement} 1/2-1/2

[Event "Team 45 45 League T94"]
[Site "Internet Chess Club"]
[Date "2022.10.13"]
[Round "1"]
[White "mongmong"]
[Black "ARMAND02019"]
[Result "1/2-1/2"]
[WhiteElo "1496"]
[BlackElo "1602"]
[Opening "Queen's pawn game"]
[ECO "D04"]
[Time "20:10:22"]
[PlyCount "85"]
[TimeControl "2700+45"]

1. d4 d5 2. Nf3 Nf6 3. e3 g6 4. Bd3 Bg7 5. c3 Nc6 6. Nbd2 O-O 7. O-O Re8 8. e4
dxe4 9. Nxe4 Nxe4 10. Bxe4 Qd6 11. Re1 Bg4 12. h3 Bd7 13. Bd2 f5 14. Bd3 e5 15.
Bc4+ Kh8 16. dxe5 Nxe5 17. Nxe5 Bxe5 18. Qc2 Rad8 19. Rad1 Qf6 20. Be3 f4 21.
Bd4 Bxd4 22. Rxe8+ Bxe8 23. cxd4 Rxd4 24. Rxd4 Qxd4 25. a3 Kg7 26. Bb3 c5 27.
Qe2 Bf7 28. Qe7 c4 29. Ba4 Qxb2 30. Be8 Qf6 31. Qxb7 c3 32. Qc7 a6 33. Bxf7 Qxf7
34. Qxc3+ Qf6 35. Qb4 g5 36. f3 h5 37. Kf2 Qe6 38. Qd4+ Kg6 39. Qd3+ Kf6 40.
Qc3+ Kg6 41. Qd3+ Kh6 42. Qc3 Kg6 43. Qd3+ {Game drawn by repetition} 1/2-1/2

[Event "Team 45 45 League T94"]
[Site "Internet Chess Club"]
[Date "2022.10.16"]
[Round "1"]
[White "Tjet"]
[Black "Kingofknights"]
[Result "0-1"]
[WhiteElo "1203"]
[BlackElo "1488"]
[Opening "English: New York (London) defensive system"]
[ECO "A12"]
[Time "16:00:14"]
[PlyCount "96"]
[TimeControl "2700+45"]

1. c4 c6 2. Nf3 d5 3. b3 Nf6 4. Bb2 Bf5 5. d3 dxc4 6. bxc4 Nbd7 7. g3 e6 8. Bg2
Qa5+ 9. Bc3 Bb4 10. Bxb4 Qxb4+ 11. Qd2 Qxd2+ 12. Nbxd2 Nc5 13. O-O Ke7 14. Nb3
Nfd7 15. Nxc5 Nxc5 16. Nd4 Bg6 17. Nb3 Na4 18. Rfc1 e5 19. Na5 Rab8 20. Bxc6 Nc5
21. Rcb1 b6 22. Nb3 Rbc8 23. Bg2 Ne6 24. Bh3 Rhd8 25. Bxe6 Kxe6 26. Rc1 a5 27.
f3 a4 28. Nd2 f5 29. a3 Kd6 30. Rab1 Rb8 31. Rb4 Be8 32. Rcb1 Kc5 33. R4b2 Rd6
34. Nf1 b5 35. Ne3 g6 36. Nc2 Rbb6 37. Kf2 bxc4 38. Rxb6 Rxb6 39. Rxb6 Kxb6 40.
dxc4 Kc5 41. e4 Kxc4 42. exf5 Kb3 43. fxg6 Bxg6 44. Nb4 Kxa3 45. Nd5 Kb3 46. Ke3
a3 47. Kd2 a2 48. Nc3 a1=Q {White resigns} 0-1

[Event "Team 45 45 League T94"]
[Site "Internet Chess Club"]
[Date "2022.10.13"]
[Round "1"]
[White "WzeroMN"]
[Black "kabubi"]
[Result "1/2-1/2"]
[WhiteElo "971"]
[BlackElo "1138"]
[Opening "Ruy Lopez: exchange variation"]
[ECO "C68"]
[Time "16:01:27"]
[PlyCount "37"]
[TimeControl "2700+45"]

1. e4 e5 2. Nf3 Nc6 3. Bb5 a6 4. Bxc6 dxc6 5. Nxe5 Qd4 6. Nf3 Qxe4+ 7. Qe2 Qxe2+
8. Kxe2 Bg4 9. Re1 Bxf3+ 10. Kxf3+ Be7 11. b3 O-O-O 12. Nc3 Bc5 13. d3 Nf6 14.
Bg5 Rhe8 15. Ne4 Be7 16. Re3 Nxe4 17. Bxe7 Rxe7 18. Rxe4 Rxe4 19. dxe4 {Game
drawn by mutual agreement} 1/2-1/2

[Event "Team 45 45 League T94"]
[Site "Internet Chess Club"]
[Date "2022.10.16"]
[Round "1"]
[White "julesraider"]
[Black "kabindra"]
[Result "1-0"]
[WhiteElo "1639"]
[BlackElo "1720"]
[Opening "QGA: 3.e4"]
[ECO "D20"]
[Time "17:02:59"]
[PlyCount "37"]
[TimeControl "2700+45"]

1. d4 d5 2. c4 dxc4 3. e4 Nc6 4. Be3 Nf6 5. Nc3 Ng4 6. Bxc4 Nxe3 7. fxe3 e5 8.
Nf3 exd4 9. exd4 Be7 10. O-O O-O 11. a3 a6 12. Nd5 Be6 13. Nxe7+ Nxe7 14. d5 Bg4
15. Rc1 Ng6 16. Qd4 b5 17. Ba2 Nf4 18. Qd2 Qd6 19. Rc6 {Black resigns} 1-0

[Event "Team 45 45 League T94"]
[Site "Internet Chess Club"]
[Date "2022.10.17"]
[Round "1"]
[White "BrianWood"]
[Black "xingon"]
[Result "1-0"]
[WhiteElo "1520"]
[BlackElo "1287"]
[Opening "QGD semi-Slav: Stoltz variation"]
[ECO "D45"]
[Time "21:01:05"]
[PlyCount "37"]
[TimeControl "2700+45"]

1. d4 d5 2. c4 c6 3. Nf3 Nf6 4. Nc3 e6 5. e3 Nbd7 6. Qc2 Bd6 7. b3 O-O 8. Bb2
Qe7 9. Be2 Re8 10. O-O b6 11. Bd3 c5 12. cxd5 cxd4 13. Nxd4 e5 14. Nf5 Qf8 15.
Nxd6 Qxd6 16. Nb5 Qxd5 17. Nc7 Qb7 18. Nxe8 Nxe8 19. Be4 {Black resigns} 1-0

[Event "Team 45 45 League T94"]
[Site "Internet Chess Club"]
[Date "2022.10.13"]
[Round "1"]
[White "Balderdash"]
[Black "NATYNL09"]
[Result "0-1"]
[WhiteElo "1195"]
[BlackElo "1144"]
[Opening "Giuoco Pianissimo: Italian four knights variation"]
[ECO "C26"]
[Time "21:47:09"]
[PlyCount "96"]
[TimeControl "2700+45"]

1. e4 e5 2. Bc4 Nf6 3. Nc3 Bc5 4. Nf3 Nc6 5. d3 h6 6. Be3 Bb6 7. Qe2 d6 8. O-O-O
Be6 9. Bxb6 axb6 10. Bxe6 fxe6 11. d4 exd4 12. Nxd4 Qe7 13. Nxc6 bxc6 14. Rd4
O-O 15. Rhd1 Nd7 16. f4 Rxf4 17. g3 Rf7 18. e5 Nxe5 19. h4 b5 20. Rf4 Rxf4 21.
gxf4 Nc4 22. f5 e5 23. Rg1 Qxh4 24. f6 Qxf6 25. Ne4 Qf4+ 26. Kb1 Qxe4 27. Qxe4
Nd2+ 28. Ka1 Nxe4 29. Re1 Rf8 30. a3 Nd2 31. b3 Rf1 32. Rxf1 Nxf1 33. a4 bxa4
34. bxa4 Ne3 35. a5 Nxc2+ 36. Kb2 Nb4 37. Kb3 c5 38. Kc4 e4 39. Kb5 e3 40. Ka4
e2 41. Kb5 e1=Q 42. a6 Nxa6 43. Kc6 Nb4+ 44. Kd7 c4 45. Kxc7 c3 46. Kd7 c2 47.
Kd8 c1=Q 48. Kd7 Qc6+ {White resigns} 0-1

[Event "Team 45 45 League T94"]
[Site "Internet Chess Club"]
[Date "2022.10.16"]
[Round "1"]
[White "Alisson27"]
[Black "pandaknight"]
[Result "0-1"]
[WhiteElo "878"]
[BlackElo "1085"]
[Opening "Caro-Kann: exchange variation"]
[ECO "B13"]
[Time "20:00:18"]
[PlyCount "60"]
[TimeControl "2700+45"]

1. e4 c6 2. d4 d5 3. exd5 cxd5 4. Nc3 Nf6 5. Bf4 Nc6 6. g3 Qb6 7. Nb5 e5 8. Bxe5
Nxe5 9. dxe5 Ng4 10. Qd4 Qxd4 11. Nxd4 Nxe5 12. Bg2 Be6 13. O-O-O O-O-O 14. Nge2
Bc5 15. f4 Nc6 16. Rhf1 Bg4 17. Bf3 Bxf3 18. Rxf3 Rhe8 19. Nxc6 bxc6 20. Nc3 Re7
21. Na4 Bd6 22. Rc3 Kb7 23. Nc5+ Kb6 24. Na4+ Kb5 25. Rd4 c5 26. Rb3+ Ka5 27.
Rxd5 Bxf4+ 28. Kd1 Rxd5+ 29. Rd3 Rxd3+ 30. cxd3 Kxa4 {White resigns} 0-1

[Event "Team 45 45 League T94"]
[Site "Internet Chess Club"]
[Date "2022.10.16"]
[Round "1"]
[White "clarinetref"]
[Black "tightfist"]
[Result "1/2-1/2"]
[WhiteElo "1473"]
[BlackElo "1416"]
[Opening "Sicilian defense"]
[ECO "B41"]
[Time "20:02:25"]
[PlyCount "85"]
[TimeControl "2700+45"]

1. e4 e6 2. d4 c5 3. Nf3 cxd4 4. Qxd4 Nc6 5. Qd1 Ne5 6. Bd2 Nxf3+ 7. Qxf3 e5 8.
Nc3 Nf6 9. h3 d6 10. Bg5 Be7 11. Bb5+ Bd7 12. Bxf6 Bxf6 13. Bxd7+ Qxd7 14. Nd5
Bd8 15. O-O O-O 16. Rfd1 Rc8 17. c3 f5 18. Qd3 fxe4 19. Qxe4 Bf6 20. Ne3 Qc6 21.
Qd3 Rcd8 22. Qd5+ Qxd5 23. Rxd5 Be7 24. Rad1 g6 25. Nc4 Rf6 26. Nxe5 dxe5 27.
Rxd8+ Bxd8 28. Rxd8+ Kg7 29. Rd7+ Rf7 30. Rxf7+ Kxf7 31. f3 Ke6 32. Kf2 Kd5 33.
Ke3 g5 34. Kd3 b5 35. b3 h6 36. g3 h5 37. a3 a5 38. a4 bxa4 39. c4+ Kc5 40. bxa4
Kb4 41. c5 Kxc5 42. Kc3 Kd5 43. Kd3 {Game drawn by mutual agreement} 1/2-1/2

[Event "Team 45 45 League T94"]
[Site "Internet Chess Club"]
[Date "2022.10.15"]
[Round "1"]
[White "SeniorCitizen"]
[Black "axelcaffe2010"]
[Result "1-0"]
[WhiteElo "1303"]
[BlackElo "1249"]
[Opening "King's pawn game"]
[ECO "C21"]
[Time "15:03:37"]
[PlyCount "149"]
[TimeControl "2700+45"]

1. e4 e5 2. d4 d6 3. d5 a6 4. Nc3 Bd7 5. Nf3 Be7 6. Be2 h6 7. O-O Nf6 8. h3 Qc8
9. Nh2 c6 10. Bg4 Nxg4 11. Nxg4 cxd5 12. Nxd5 Nc6 13. Nb6 Qd8 14. Nxa8 Qxa8 15.
c3 f5 16. exf5 Bxf5 17. Nh2 O-O 18. Qd5+ Kh8 19. Be3 Qd8 20. Nf3 Kh7 21. Qb3 Na5
22. Qd1 e4 23. Nd4 Qd7 24. Nxf5 Qxf5 25. Qg4 Qb5 26. Qxe4+ Kg8 27. Qxe7 Qxb2 28.
Qxd6 Qxc3 29. Qd2 Qe5 30. Rac1 Kh7 31. Rc5 Qf6 32. Rxa5 Qg6 33. Rd5 Qf7 34. Rd7
Qg6 35. Qd3 Qxd3 36. Rxd3 b5 37. Rfd1 a5 38. Rb3 b4 39. Bc5 Ra8 40. a4 Rc8 41.
Be3 Rc2 42. Bb6 Ra2 43. Bxa5 Rxa4 44. Bxb4 Ra8 45. Bc5 Rc8 46. Be3 Re8 47. Rbd3
Re5 48. Rd5 Re8 49. Rd7 Re6 50. R1d6 Re8 51. Bxh6 Re1+ 52. Kh2 Kg8 53. Be3 Ra1
54. g4 Ra8 55. Bh6 gxh6 56. Rxh6 Rf8 57. Kg2 Rf7 58. Rxf7 Kxf7 59. Ra6 Ke7 60.
Kf3 Kf7 61. Kf4 Kg7 62. Kf5 Kf7 63. Ra7+ Kg8 64. Kg6 Kf8 65. h4 Ke8 66. h5 Kd8
67. h6 Kc8 68. Kf6 Kb8 69. Rg7 Kc8 70. Ke6 Kb8 71. Kd6 Ka8 72. Kc6 Kb8 73. g5
Ka8 74. Kb6 Kb8 75. Rg8# {Black checkmated} 1-0

[Event "Team 45 45 League T94"]
[Site "Internet Chess Club"]
[Date "2022.10.15"]
[Round "1"]
[White "kabindra"]
[Black "fireball"]
[Result "0-1"]
[WhiteElo "1749"]
[BlackElo "1619"]
[Opening "French: advance, Euwe variation"]
[ECO "C02"]
[Time "12:00:49"]
[PlyCount "50"]
[TimeControl "2700+45"]

1. e4 e6 2. d4 d5 3. e5 c5 4. c3 Nc6 5. Nf3 Bd7 6. Bd3 Rc8 7. O-O cxd4 8. Re1
dxc3 9. Nxc3 Bb4 10. Ng5 f5 11. exf6 Nxf6 12. Nxe6 Bxe6 13. Rxe6+ Kf7 14. Bf5
Rc7 15. Bg5 d4 16. Ne4 Be7 17. Bxf6 Bxf6 18. Nxf6 gxf6 19. Qh5+ Kg7 20. Qg4+ Kf7
21. Rae1 Ne5 22. Qh5+ Ng6 23. Qf3 Re8 24. Rxe8 Qxe8 25. Rxe8 Rc1+ {White
resigns} 0-1

[Event "Team 45 45 League T94"]
[Site "Internet Chess Club"]
[Date "2022.10.16"]
[Round "1"]
[White "vollmerj"]
[Black "jjmolina1"]
[Result "1-0"]
[WhiteElo "1457"]
[BlackElo "1432"]
[Opening "Réti: King's Indian attack"]
[ECO "A05"]
[Time "06:50:55"]
[PlyCount "65"]
[TimeControl "2700+45"]

1. Nf3 Nf6 2. g3 g6 3. Bg2 Bg7 4. O-O O-O 5. d4 d6 6. c3 Re8 7. Nbd2 c5 8. dxc5
dxc5 9. Nb3 Qc7 10. Be3 b6 11. Bf4 e5 12. Nxe5 Bb7 13. Bxb7 Qxb7 14. Nf3 Nc6 15.
Qc2 a5 16. a4 Nh5 17. Be3 Nf6 18. Rfd1 Ng4 19. Bf4 Nf6 20. Rd6 Nh5 21. Be3 Ne5
22. Nxe5 Bxe5 23. Rd2 Nf6 24. Rad1 Qc6 25. Nc1 Ng4 26. Nd3 Nxe3 27. fxe3 Bxg3
28. hxg3 Rxe3 29. Kf2 Rae8 30. Nf4 g5 31. Nd5 Qh6 32. Nxe3 Qh2+ 33. Ng2 {Black
resigns} 1-0